 Dungeon Crawl Stone Soup version 0.25-a0-668-gea548f19b6 (webtiles) character file.

Game seed: 3120121459630567479, levelgen mode: deterministic

23 MisterFreud the Slasher (level 3, 0/26 HPs)
             Began as an Octopode Fighter on Mar 28, 2020.
             Succumbed to an adder's poison
             ... on level 2 of the Dungeon.
             The game lasted 00:01:17 (815 turns).

MisterFreud the Slasher (Octopode Fighter)           Turns: 815, Time: 00:01:17

Health: 0/26       AC:  1    Str: 15    XL:     3   Next: 0%
Magic:  3/3        EV: 11    Int: 11    God:
Gold:   20         SH:  8    Dex: 11    Spells: 2/2 levels left

rFire    . . .     SeeInvis .   a - +0 long sword
rCold    . . .     Gourm    .   b - +0 kite shield
rNeg     . . .     Faith    .   (helmet restricted)
rPois    .         Spirit   .   (no amulet)
rElec    .         Reflect  .   e - ring of protection from magic
rCorr    .         Harm     .   (no ring)
MR       +....                  (no ring)
Stlth    ++........             (no ring)
HPRegen  0.08/turn              (no ring)
MPRegen  0.08/turn              (no ring)
                                (no ring)
                                (no ring)

@: lethally poisoned (0 -> -2)
A: almost no armour, stealthy swim, amphibious, 8 rings, constrict 8, camouflage
1, gelatinous body 1
a: no special abilities


You were on level 2 of the Dungeon.
You were not hungry.

You visited 1 branch of the dungeon, and saw 2 of its levels.

You collected 20 gold pieces.

Inventory:

Hand Weapons
 a - a +0 long sword (weapon)
Missiles
 g - 31 stones (quivered)
Armour
 b - a +0 kite shield (worn)
Jewellery
 e - a ring of protection from magic (left tentacle)
Scrolls
 i - a scroll of fog {unknown}
Potions
 c - a potion of might
Comestibles
 d - 4 rations
 f - 4 chunks of flesh


   Skills:
 - Level 3.0 Fighting
 + Level 3.3 Long Blades
 - Level 3.0 Dodging
 - Level 3.0 Shields


You had 2 spell levels left.
You didn't know any spells.
Your spell library was empty.

Dungeon Overview and Level Annotations

Branches:
Dungeon (2/15)

Altars:


Innate Abilities, Weirdness & Mutations

You cannot wear most types of armour.
You are very stealthy in the water. (Stealth+)
You are amphibious.
You can wear up to eight rings at the same time.
You can use your tentacles to constrict eight enemies at once.
Your skin changes colour to match your surroundings (Stealth+).
Your rubbery body absorbs attacks. (AC +1, EV +1)


Message History

Unknown command.
There is a lethal amount of poison in your body!
There is a lethal amount of poison in your body!
Okay, then.
A worm comes into view.
* * * LOW HITPOINT WARNING * * *
You feel sick.
* * * LOW HITPOINT WARNING * * *
You feel sick.
You see here an adder corpse.
Really walk into that dispersal trap?
You enter a dispersal trap!
You blink.
Found 12 gold pieces.
* * * LOW HITPOINT WARNING * * *
You feel sick.
You see here 12 gold pieces.
* * * LOW HITPOINT WARNING * * *
You feel sick.
Some of the chunks of flesh in your inventory have rotted away.
You die...

. ..
###.#
###....#
#.@.#
##.###
##..#
#..##
#.## #.#
###$###
#.....#
#.....#


There were no monsters in sight!

Vanquished Creatures
  An adder (D:2)
  A dart slug (D:1)
  A giant cockroach (D:1)
  2 goblins (D:1)
  2 hobgoblins
  2 kobolds (D:1)
  A frilled lizard (D:1)
  A jackal zombie (D:2)
  A rat (D:1)
12 creatures vanquished.

Notes
Turn   | Place    | Note
-------+----------+-------------------------------------------
     0 | D:1      | MisterFreud the Octopode Fighter began the quest for the
                  | Orb.
     0 | D:1      | Reached XP level 1. HP: 16/16 MP: 1/1
   134 | D:1      | Reached XP level 2. HP: 16/21 MP: 2/2
   798 | D:2      | Reached XP level 3. HP: 5/26 MP: 3/3
   811 | D:2      | HP: 1/26 [poisoned by an adder]
   815 | D:2      | Succumbed to an adder's poison

Levels and vault maps discovered:
D:1:      lemuel_arrival_behind_the_door_small, layout_loops_ring
D:2:      layout_rooms, nicolae_overflow_hidden_temple,
          nicolae_overflow_crystal_walls, ebering_dispersal_statue_hall

Skill      XL: |  1  2 |
---------------+-------+-----
Long Blades    | 3 |  3.3
Fighting       | |  3.0
Dodging        | |  3.0
Shields        | |  3.0

Action                   || total
-------------------------++-------
Melee: Long sword        ||    21
       Constrict         ||     9
       Tentacles         ||     5
  Use: Scroll            ||     1
 Stab: Sleeping          ||     2
Armor: Skin              ||     1
Dodge: Dodged            ||     9
Block: Kite shield       ||     6
       Rpst.: Long sword ||     3

Table legend:
 A = Non-vault XP
 B = Vault XP
 C = Vault XP percentage of total XP
 D = Non-vault monster count
 E = Vault monster count
 F = Vault count percentage of total count
                 A         B        C        D         E       F
            +---------+---------+-------+---------+---------+-------
      Total |      34 |       0 |   0.0 |      12 |       0 |   0.0
            +---------+---------+-------+---------+---------+-------
        D:1 |      18 |       0 |   0.0 |       9 |       0 |   0.0
        D:2 |      16 |       0 |   0.0 |       3 |       0 |   0.0
            +---------+---------+-------+---------+---------+-------
